CAL (WIN)
VISALIA RAWHIDE @ SALEM RED SOX
12/04/2046
 
TOP OF THE 1ST
Visalia Rawhide batting - Pitching for Salem Red Sox : RHP Chris Cory
Pitching: RHP Chris Cory
Batting: RHB D.J. Cooke 0-0: Called Strike
0-1: SINGLE (Line Drive, 9LS, EV 98.8 MPH)
Batting: LHB Soo-yeon Kym 0-0: Ball
1-0: Called Strike
1-1: Ball
2-1: Foul Ball, location: 2F
2-2: Foul Ball, location: 2F
2-2: Fly out, F4 (Popup, 13, EV 90.0 MPH)
Batting: RHB Chad Mendoza 0-0: SINGLE (Groundball, 6M, EV 104.4 MPH) (infield hit)
D.J. Cooke to second
Batting: RHB Jeremy Adams 0-0: Called Strike
0-1: Foul Ball, location: 2F
0-2: SINGLE (Line Drive, 5D, EV 99.4 MPH)
D.J. Cooke to third
Chad Mendoza to second
Runner from 3rd tries for Home, SAFE, throw by LF to home
Batting: RHB Sergio Manzanero 0-0: Foul Ball, location: 2F
0-1: Ball
Passed Ball!
Chad Mendoza to third
Jeremy Adams to second
1-1: Ball
2-1: Called Strike
2-2: Ball
3-2: Foul Ball, location: 2F
3-2: Foul Ball, location: 2F
3-2: Ground out 5-3 (Groundball, 56, EV 86.2 MPH)
Chad Mendoza scores
Batting: RHB Cesar Rendon 0-0: Foul Ball, location: 2F
0-1: Called Strike
0-2: Foul Ball, location: 2F
0-2: Ball
1-2: Foul Ball, location: 2F
1-2: Strikes out swinging
Top of the 1st over - 2 runs, 3 hits, 0 errors, 1 left on base; Visalia 2 - Salem 0
BOTTOM OF THE 1ST
Salem Red Sox batting - Pitching for Visalia Rawhide : RHP Alex Apolinar
Pitching: RHP Alex Apolinar
Batting: RHB Andy Garvin 0-0: SINGLE (Groundball, 6MD, EV 101.9 MPH)
Batting: RHB Sal Rivera 0-0: Called Strike
Andy Garvin is caught stealing 2nd base 2-4
0-1: Ball
1-1: Foul Ball, location: 2F
1-2: Reached via error on a dropped throw from SS, E3 (Groundball, 6, EV 79.4 MPH)
Batting: LHB Carlos Guerra 0-0: Ball
1-0: Called Strike
Sal Rivera steals 2nd base
1-1: Ground out 5-3 (Groundball, 5, EV 107.5 MPH)
Batting: RHB Dave Burwell 0-0: Ground out 5-3 (Groundball, 56S, EV 90.6 MPH)
Bottom of the 1st over - 0 runs, 1 hit, 1 error, 1 left on base; Visalia 2 - Salem 0
TOP OF THE 2ND
Visalia Rawhide batting - Pitching for Salem Red Sox : RHP Chris Cory
Batting: LHB Dallas Kelly 0-0: Ball
1-0: Foul Ball, location: 2F
1-1: Ball
2-1: Ground out 6-3 (Groundball, 4, EV 83.1 MPH)
Batting: LHB Tae-geun Kwang 0-0: Called Strike
0-1: Swinging Strike
0-2: Ball
1-2: Ball
2-2: Strikes out swinging, 2-3 out at first.
Batting: RHB Isaiah Hampton 0-0: Ball
1-0: SINGLE (Line Drive, 6D, EV 100.0 MPH)
Batting: RHB D.J. Cooke 0-0: Fly out, F4 (Popup, 13S, EV 89.4 MPH)
Top of the 2nd over - 0 runs, 1 hit, 0 errors, 1 left on base; Visalia 2 - Salem 0
BOTTOM OF THE 2ND
Salem Red Sox batting - Pitching for Visalia Rawhide : RHP Alex Apolinar
Batting: RHB Tony Nunez 0-0: Ball
1-0: Fly out, F8 (Flyball, 8LS, EV 93.1 MPH)
Batting: SHB Salvador Padilla 0-0: Ball
1-0: Ball
2-0: Called Strike
2-1: Fly out, F8 (Flyball, 8LM, EV 96.9 MPH)
Batting: RHB Roger Mitchell 0-0: Swinging Strike
0-1: Fly out, F8 (Flyball, 8RD, EV 96.2 MPH)
Bottom of the 2nd over - 0 runs, 0 hits, 0 errors, 0 left on base; Visalia 2 - Salem 0
TOP OF THE 3RD
Visalia Rawhide batting - Pitching for Salem Red Sox : RHP Chris Cory
Batting: LHB Soo-yeon Kym 0-0: Ball
1-0: Ball
2-0: Ball
3-0: Fly out, F8 (Flyball, 8LM, EV 96.2 MPH)
Batting: RHB Chad Mendoza 0-0: Fly out, F6 (Flyball, 6MD, EV 93.1 MPH)
Batting: RHB Jeremy Adams 0-0: Fly out, F8 (Flyball, 8RM, EV 81.2 MPH)
Top of the 3rd over - 0 runs, 0 hits, 0 errors, 0 left on base; Visalia 2 - Salem 0
BOTTOM OF THE 3RD
Salem Red Sox batting - Pitching for Visalia Rawhide : RHP Alex Apolinar
Batting: RHB Willie Camacho 0-0: Foul Ball, location: 2F
0-1: Swinging Strike
0-2: Ball
1-2: Strikes out swinging
Batting: RHB Mo Tsang 0-0: Ball
1-0: Swinging Strike
1-1: Swinging Strike
1-2: Ball
2-2: Strikes out swinging
Batting: RHB Andy Garvin 0-0: Ball
1-0: Ball
2-0: Called Strike
2-1: TRIPLE (Flyball, 89XD, EV 103.1 MPH)
Batting: RHB Sal Rivera 0-0: Ball
1-0: Called Strike
1-1: Foul Ball, location: 2F
1-2: Ball
2-2: Foul Ball, location: 2F
2-2: Ball
3-2: Foul Ball, location: 2F
3-2: Foul Ball, location: 2F
3-2: Fly out, F7 (Flyball, 7, EV 96.2 MPH)
Bottom of the 3rd over - 0 runs, 1 hit, 0 errors, 1 left on base; Visalia 2 - Salem 0
TOP OF THE 4TH
Visalia Rawhide batting - Pitching for Salem Red Sox : RHP Chris Cory
Batting: RHB Sergio Manzanero 0-0: Called Strike
0-1: Swinging Strike
0-2: Ball
1-2: Strikes out swinging
Batting: RHB Cesar Rendon 0-0: Called Strike
0-1: Swinging Strike
0-2: Ball
1-2: Strikes out looking
Batting: LHB Dallas Kelly 0-0: Called Strike
0-1: Fly out, F7 (Flyball, 78D, EV 93.1 MPH)
Top of the 4th over - 0 runs, 0 hits, 0 errors, 0 left on base; Visalia 2 - Salem 0
BOTTOM OF THE 4TH
Salem Red Sox batting - Pitching for Visalia Rawhide : RHP Alex Apolinar
Batting: LHB Carlos Guerra 0-0: Ball
1-0: Foul Ball, location: 2F
1-1: Foul Ball, location: 2F
1-2: Strikes out swinging
Batting: RHB Dave Burwell 0-0: Ball
1-0: Called Strike
1-1: Ball
2-1: Ball
3-1: Fly out, F7 (Flyball, 7, EV 97.5 MPH)
Batting: RHB Tony Nunez 0-0: Ball
1-0: Foul Ball, location: 2F
1-1: Hit by Pitch
Batting: SHB Salvador Padilla 0-0: Ball
Wild Pitch!
Tony Nunez to second
1-0: SINGLE (Groundball, 4D, EV 94.4 MPH)
Tony Nunez to third
Runner from 3rd tries for Home, SAFE, throw by CF to home
Batting: RHB Roger Mitchell 0-0: Ball
1-0: Fly out, F8 (Flyball, 8RS, EV 86.2 MPH)
Bottom of the 4th over - 1 run, 1 hit, 0 errors, 1 left on base; Visalia 2 - Salem 1
TOP OF THE 5TH
Visalia Rawhide batting - Pitching for Salem Red Sox : RHP Chris Cory
Batting: LHB Tae-geun Kwang 0-0: Ball
1-0: Ball
2-0: Swinging Strike
2-1: Foul Ball, location: 2F
2-2: Foul Ball, location: 2F
2-2: Foul Ball, location: 2F
2-2: Fly out, F8 (Flyball, 8RXD, EV 104.4 MPH)
Batting: RHB Isaiah Hampton 0-0: Ground out 6-3 (Groundball, 6MS, EV 80.0 MPH)
Batting: RHB D.J. Cooke 0-0: Called Strike
0-1: Fly out, F6 (Popup, 6, EV 71.9 MPH)
Top of the 5th over - 0 runs, 0 hits, 0 errors, 0 left on base; Visalia 2 - Salem 1
BOTTOM OF THE 5TH
Salem Red Sox batting - Pitching for Visalia Rawhide : RHP Alex Apolinar
Batting: RHB Willie Camacho 0-0: Called Strike
0-1: Foul Ball, location: 2F
0-2: Foul Ball, location: 2F
0-2: Ball
1-2: Strikes out swinging
Batting: RHB Mo Tsang 0-0: Ground out 5-3 (Groundball, 56, EV 105.6 MPH)
Batting: RHB Andy Garvin 0-0: Foul Ball, location: 2F
0-1: Foul Ball, location: 2F
0-2: Strikes out swinging
Bottom of the 5th over - 0 runs, 0 hits, 0 errors, 0 left on base; Visalia 2 - Salem 1
TOP OF THE 6TH
Visalia Rawhide batting - Pitching for Salem Red Sox : RHP Chris Cory
Batting: LHB Soo-yeon Kym 0-0: Called Strike
0-1: Reached on error, E4 (Groundball, 4, EV 111.9 MPH)
Batting: RHB Chad Mendoza 0-0: Ball
1-0: SINGLE (Groundball, 6MD, EV 98.1 MPH)
Soo-yeon Kym to second
Batting: RHB Jeremy Adams 0-0: Ball
1-0: Ball
2-0: Called Strike
2-1: Foul Ball, location: 2F
2-2: SINGLE (Flyball, 8RS, EV 95.0 MPH)
Soo-yeon Kym to third
Chad Mendoza to second
Pitching: RHP Juan Mejia
Batting: RHB Sergio Manzanero 0-0: Called Strike
0-1: Called Strike
0-2: Strikes out swinging
Batting: RHB Cesar Rendon 0-0: Called Strike
0-1: Swinging Strike
0-2: Ball
1-2: Strikes out swinging
Batting: LHB Dallas Kelly 0-0: Ball
1-0: Called Strike
1-1: Fly out, F7 (Flyball, 7, EV 93.1 MPH)
Top of the 6th over - 0 runs, 2 hits, 1 error, 3 left on base; Visalia 2 - Salem 1
BOTTOM OF THE 6TH
Salem Red Sox batting - Pitching for Visalia Rawhide : RHP Alex Apolinar
Batting: RHB Sal Rivera 0-0: Called Strike
0-1: DOUBLE (Flyball, 8LXD, EV 110.6 MPH)
Batting: LHB Carlos Guerra 0-0: Foul Ball, location: 2F
0-1: Ball
Passed Ball!
Sal Rivera to third
1-1: Foul Ball, location: 2F
1-2: Ball
2-2: Ball
3-2: DOUBLE (Line Drive, 89M, EV 94.4 MPH)
Sal Rivera scores
Batting: RHB Dave Burwell 0-0: Swinging Strike
0-1: Swinging Strike
Passed Ball!
Carlos Guerra to third
0-2: Strikes out swinging
Batting: RHB Tony Nunez 0-0: Ball
1-0: Ball
2-0: Ball
3-0: Called Strike
3-1: Called Strike
3-2: Strikes out swinging
Batting: SHB Salvador Padilla 0-0: Ball
1-0: Ball
2-0: Called Strike
2-1: Ball
Passed Ball!
Carlos Guerra scores
3-1: Called Strike
3-2: SINGLE (Line Drive, 78S, EV 105.6 MPH)
Batting: RHB Roger Mitchell 0-0: Ball
1-0: Swinging Strike
1-1: SINGLE (Groundball, 56S, EV 68.1 MPH) (infield hit)
Salvador Padilla to second
Batting: RHB Willie Camacho 0-0: Ball
Passed Ball!
Salvador Padilla to third
Roger Mitchell to second
1-0: Ball
Passed Ball!
Salvador Padilla scores
Roger Mitchell to third
2-0: Called Strike
2-1: Ball
Passed Ball!
Roger Mitchell scores
3-1: Base on Balls
Batting: RHB Mo Tsang 0-0: Foul Ball, location: 2F
0-1: Called Strike
Willie Camacho is caught stealing 2nd base 2-4
Bottom of the 6th over - 4 runs, 4 hits, 0 errors, 0 left on base; Visalia 2 - Salem 5
TOP OF THE 7TH
Visalia Rawhide batting - Pitching for Salem Red Sox : RHP Juan Mejia
Batting: LHB Tae-geun Kwang 0-0: Fly out, F1 (Popup, P, EV 85.6 MPH)
Batting: RHB Isaiah Hampton 0-0: Called Strike
0-1: Foul Ball, location: 2F
0-2: Foul Ball, location: 2F
0-2: Ball
1-2: Foul Ball, location: 2F
1-2: Strikes out swinging
Batting: RHB D.J. Cooke 0-0: Called Strike
0-1: Called Strike
0-2: Ball
1-2: Foul Ball, location: 2F
1-2: Ball
2-2: Foul Ball, location: 2F
2-2: Foul Ball, location: 2F
2-2: Foul Ball, location: 2F
2-2: Strikes out swinging
Top of the 7th over - 0 runs, 0 hits, 0 errors, 0 left on base; Visalia 2 - Salem 5
BOTTOM OF THE 7TH
Salem Red Sox batting - Pitching for Visalia Rawhide : RHP Alex Apolinar
Pitching: RHP Nate Bixler
Batting: RHB Mo Tsang 0-0: Ball
1-0: Ground out 4-3 (Groundball, 34D, EV 108.1 MPH)
Batting: RHB Andy Garvin 0-0: Ball
1-0: Ball
2-0: Swinging Strike
2-1: Ball
3-1: Swinging Strike
3-2: Foul Ball, location: 2F
3-2: Foul Ball, location: 2F
3-2: Strikes out swinging
Batting: RHB Sal Rivera 0-0: Foul Ball, location: 2F
0-1: Ground out 5-3 (Groundball, 56S, EV 78.8 MPH)
Bottom of the 7th over - 0 runs, 0 hits, 0 errors, 0 left on base; Visalia 2 - Salem 5
TOP OF THE 8TH
Visalia Rawhide batting - Pitching for Salem Red Sox : RHP Juan Mejia
Batting: LHB Soo-yeon Kym 0-0: Foul Ball, location: 2F
0-1: DOUBLE (Line Drive, 78D, EV 110.0 MPH)
Batting: RHB Chad Mendoza 0-0: Ball
1-0: Ball
2-0: Ball
3-0: Foul Ball, location: 2F
3-1: Swinging Strike
3-2: Base on Balls
Pitching: RHP Roberto Morales
Batting: RHB Jeremy Adams 0-0: Ball
1-0: Ball
2-0: Foul Ball, location: 2F
2-1: Foul Ball, location: 2F
2-2: Strikes out swinging
Batting: RHB Sergio Manzanero 0-0: Ball
1-0: Called Strike
1-1: Ball
2-1: Swinging Strike
2-2: SINGLE (Groundball, 6D, EV 96.9 MPH)
Soo-yeon Kym to third
Chad Mendoza to second
Batting: RHB Cesar Rendon 0-0: Called Strike
0-1: Called Strike
0-2: Ball
1-2: Strikes out looking
Batting: LHB Dallas Kelly 0-0: Swinging Strike
0-1: Foul Ball, location: 2F
0-2: Ball
1-2: Ball
2-2: Ball
3-2: Strikes out looking
Top of the 8th over - 0 runs, 2 hits, 0 errors, 3 left on base; Visalia 2 - Salem 5
BOTTOM OF THE 8TH
Salem Red Sox batting - Pitching for Visalia Rawhide : RHP Nate Bixler
Batting: LHB Carlos Guerra 0-0: Foul Ball, location: 2F
0-1: Foul Ball, location: 2F
0-2: Ball
1-2: Strikes out swinging
Batting: RHB Dave Burwell 0-0: Called Strike
0-1: Ball
1-1: Swinging Strike
1-2: Foul Ball, location: 2F
1-2: Strikes out swinging
Batting: RHB Tony Nunez 0-0: Called Strike
0-1: Ball
1-1: Ground out U3 (Groundball, 3, EV 81.2 MPH)
Bottom of the 8th over - 0 runs, 0 hits, 0 errors, 0 left on base; Visalia 2 - Salem 5
TOP OF THE 9TH
Visalia Rawhide batting - Pitching for Salem Red Sox : RHP Roberto Morales
Batting: LHB Tae-geun Kwang 0-0: Called Strike
0-1: Foul Ball, location: 2F
0-2: Strikes out swinging
Pinch Hitting: LHB Falco van Koeveringe 0-0: Swinging Strike
0-1: Ball
1-1: Ground out U3 (Groundball, 34, EV 108.1 MPH)
Batting: RHB D.J. Cooke 0-0: Called Strike
0-1: Ball
1-1: Ball
2-1: Called Strike
2-2: Ball
3-2: Base on Balls
Batting: LHB Soo-yeon Kym 0-0: Ball
1-0: Ball
2-0: Foul Ball, location: 2F
2-1: Ball
3-1: Base on Balls
D.J. Cooke to second
Pitching: RHP Aaron Brannon
Batting: RHB Chad Mendoza 0-0: Swinging Strike
0-1: Foul Ball, location: 2F
0-2: Foul Ball, location: 2F
0-2: Foul Ball, location: 2F
0-2: Ball
1-2: Foul Ball, location: 2F
1-2: Foul Ball, location: 2F
1-2: SINGLE (Line Drive, 6MD, EV 104.4 MPH)
D.J. Cooke to third
Soo-yeon Kym to second
Batting: RHB Jeremy Adams 0-0: Called Strike
0-1: Ball
1-1: Called Strike
1-2: Ball
2-2: Strikes out swinging
Top of the 9th over - 0 runs, 1 hit, 0 errors, 3 left on base; Visalia 2 - Salem 5
Tuesday, September 13th , 2022 - OOTP Baseball 23.7 Build 88